 Dungeon Crawl Stone Soup version 0.27-a0-909-g0721f309d1 (webtiles) character file.

Game seed: 17074620129692051484

1435 robertstho the Covered (level 8, -1/74 HPs)
             Began as a Deep Dwarf Fighter on Apr 8, 2021.
             Slain by an ogre
             ... wielding a +0 giant club
              (5 damage)
             ... on level 6 of the Dungeon.
             The game lasted 00:04:42 (3368 turns).

robertstho the Covered (Deep Dwarf Fighter)         Turns: 3368, Time: 00:04:42

Health: -1/74      AC: 11    Str: 23    XL:     8   Next: 45%
Magic:  5/5        EV:  7    Int:  8    God:
Gold:   268        SH: 10    Dex: 12    Spells: 7/7 levels left

rFire    . . .     SeeInvis .   a - +0 war axe
rCold    . . .     Faith    .   c - +0 kite shield
rNeg     . . .     Spirit   .   w - +0 chain mail
rPois    .         Reflect  .   (no helmet)
rElec    .         Harm     .   (no cloak)
rCorr    .         Rampage  .   (no gloves)
Will     +....                  x - +0 pair of boots
Stlth    ..........             (no amulet)
HPRegen  0.00/turn              (no ring)
MPRegen  0.09/turn              (no ring)

@: non-regenerating
A: damage resistance, heal wounds, sense surroundings 1, no regeneration
a: Heal Wounds


You were on level 6 of the Dungeon.
You visited 1 branch of the dungeon, and saw 6 of its levels.

You collected 324 gold pieces.
You spent 56 gold pieces at shops.

Inventory:

Hand Weapons
 a - a +0 war axe (weapon)
 d - a +0 flail
Missiles
 k - 2 throwing nets
 A - 4 curare-tipped darts
Armour
 b - a +0 scale mail
 c - a +0 kite shield (worn)
 w - a +0 chain mail (worn)
 x - a +0 pair of boots (worn)
Wands
 y - a wand of random effects (4)
Scrolls
 e - a scroll of fog {unknown}
 f - a scroll of acquirement {unknown}
 h - a scroll of amnesia {unknown}
 m - a scroll of torment {unknown}
 n - a scroll of enchant weapon {unknown}
 o - a scroll of noise {unknown}
 r - 2 scrolls of identify
 s - a scroll of enchant armour {unknown}
 t - a scroll of fear {unknown}
 v - a scroll of teleportation {unknown}
 B - a scroll of vulnerability {unknown}
Potions
 g - 2 potions of heal wounds
 i - a potion of flight
 j - a potion of degeneration
 l - 2 potions of curing {unknown}
 p - 2 potions of haste {unknown}
 q - 2 potions of mutation {unknown}
 u - a potion of cancellation {unknown}
 z - a potion of brilliance {unknown}
 C - a potion of ambrosia {unknown}


   Skills:
 * Level 5.1 Fighting
 + Level 6.6 Axes
 * Level 7.2 Armour
 + Level 2.0 Dodging
 + Level 5.2 Shields


You had 7 spell levels left.
You didn't know any spells.
Your spell library contained the following spells:

 Spells                   Type           Power      Damage    Failure   Level
 Magic Dart               Conj           0%         1d3       100%        1
 Blink                    Tloc           N/A        N/A       100%        2
 Call Imp                 Summ           0%         N/A       100%        2
 Searing Ray              Conj           0%         3d3       100%        2
 Slow                     Hex            0%         N/A       100%        2
 Confusing Touch          Hex            0%         N/A       100%        3
 Conjure Flame            Conj/Fire      0%         6-21      100%        3
 Dazzling Flash           Conj/Hex       0%         N/A       100%        3
 Gell's Gravitas          Tloc           0%         N/A       100%        3
 Mephitic Cloud           Conj/Pois/Air  0%         N/A       100%        3
 Fulminant Prism          Conj/Hex       0%         3d6       100%        4
 Iskenderun's Mystic Bla  Conj/Tloc      0%         2d3       100%        4
 Petrify                  Tmut/Erth      0%         N/A       100%        4
 Metabolic Englaciation   Hex/Ice        0%         N/A       100%        5
 Yara's Violent Unravell  Hex/Tmut       0%         3d3       100%        5


Dungeon Overview and Level Annotations

Branches:
Dungeon (6/15)
 Temple: D:4-7

Altars:
Elyvilon

Shops:
D:2 !

Annotations:
D:6 2 transporters, Dittersdorf's ghost, amateur GrFi


Innate Abilities, Weirdness & Mutations

You are resistant to damage.
You can heal yourself by infusing magical energy.
You passively map a small area around you.
You do not regenerate.


Message History

You hit the black bear.
The black bear is moderately wounded.
The bullfrog snags a nearby blue-tailed skink with its tongue.
The white imp picks up a beetle and eats it.
The black bear barely misses you. The black bear claws you.
You block the black bear's attack.
You slash the black bear!
The black bear is severely wounded.
The black bear goes berserk!
The black bear bites you! The black bear barely misses you.
The black bear claws you.
You are too injured to fight recklessly!
Your shield and chain mail prevent you from hitting the black bear.
The black bear is severely wounded.
The black bear bites you. You block the black bear's attack.
The black bear barely misses you.
The black bear bites you but does no damage.
The black bear claws you but does no damage. x2
You slash the black bear!
The black bear is almost dead.
You block the black bear's attack. The black bear claws you.
The black bear claws you but does no damage.
You block the black bear's attack. The black bear claws you. x2
You slash the black bear!
You kill the black bear!
You hit the ogre.
The ogre is lightly wounded.
The ogre hits you with a +0 giant club!
* * * LOW HITPOINT WARNING * * *
You slash the ogre!
The ogre is moderately wounded.
The ogre hits you with a +0 giant club!
* * * LOW HITPOINT WARNING * * *
You hit the ogre.
The ogre is heavily wounded.
The ogre closely misses you. You block the ogre's attack.
You hit the ogre.
The ogre is heavily wounded.
The bullfrog swells and bulges.
The ogre hits you with a +0 giant club!
You die...

* #..©#....©..[?#©..#
#...#........!#...# ,
##.#.#?.#Z..#..#.#.#
*#..#.#8cW#.#..8#.#.##
#...##5FCo...##.#... ,
, *#.?.#########..####
, * #............## #
,,* ##..#.######## # *
#@#.#.# # * #O##.#.# #
,


#Zo ....# # ...# ##### # * * , ##..* * ## # ,, ..> , , ..# # ... * * *#.# # *
#### * #.# # ##.# # You could see a cyclops, an ogre, a bullfrog, a centaur,
Dittersdorf's ghost, a white imp, 2 orcs, a wyvern zombie and a killer bee
zombie.

Vanquished Creatures
  A steam dragon (D:6)
  2 water moccasins (D:5)
  An ice beast (D:6)
  A black bear (D:6)
  A necrophage (D:6)
  An ogre (D:6)
  A centaur (D:5)
  A phantom (D:4)
  A scorpion (D:4)
  A water moccasin skeleton (D:6)
  A howler monkey (D:6)
  A bullfrog zombie (D:5)
  A gnoll shaman (D:6)
  A hound (D:5)
  A bullfrog skeleton (D:5)
  2 iguanas
  7 gnolls
  10 adders
  An ufetubus (D:5)
  2 worms
  2 dart slugs
  4 orcs
  A bat (D:3)
  4 endoplasms
  13 giant cockroaches
  5 goblins
  13 hobgoblins
  7 jackals
  8 kobolds
  3 quokkas
  4 ball pythons
  A frilled lizard (D:1)
  9 rats
112 creatures vanquished.

Vanquished Creatures (others)
  A butterfly (D:5)
1 creature vanquished.

Grand Total: 113 creatures vanquished

Notes
Turn   | Place    | Note
-------+----------+-------------------------------------------
     0 | D:1      | robertstho the Deep Dwarf Fighter began the quest for the
                  | Orb.
     0 | D:1      | Reached XP level 1. HP: 20/20 MP: 1/1
   260 | D:1      | Reached XP level 2. HP: 27/27 MP: 2/2
   656 | D:1      | Reached XP level 3. HP: 25/34 MP: 3/3
   921 | D:2      | Found Raaf's Distillery.
   921 | D:2      | Found a faded altar of an unknown god.
   929 | D:2      | Bought a potion of flight for 42 gold pieces
   929 | D:2      | Bought a potion of degeneration for 14 gold pieces
   958 | D:2      | Reached XP level 4. HP: 33/42 MP: 3/3
  1255 | D:2      | Reached skill level 4 in Armour
  1572 | D:3      | Reached XP level 5. HP: 35/50 MP: 4/4
  2125 | D:4      | Reached skill level 1 in Dodging
  2162 | D:4      | Noticed a phantom
  2168 | D:4      | Reached XP level 6. HP: 46/57 MP: 5/5
  2470 | D:5      | Entered Level 5 of the Dungeon
  2495 | D:5      | Reached skill level 5 in Axes
  2508 | D:5      | Reached XP level 7. HP: 38/66 MP: 6/6
  2617 | D:5      | Reached skill level 5 in Armour
  2856 | D:5      | Found a white marble altar of Elyvilon.
  3102 | D:6      | Reached skill level 6 in Armour
  3126 | D:6      | Reached skill level 5 in Shields
  3126 | D:6      | Reached XP level 8. HP: 39/73 MP: 6/6
  3288 | D:6      | Found a transporter.
  3289 | D:6      | Noticed a cyclops
  3289 | D:6      | Noticed Dittersdorf's ghost (amateur GrFi)
  3307 | D:6      | Reached skill level 5 in Fighting
  3317 | D:6      | Found a transporter.
  3328 | D:6      | Reached skill level 7 in Armour
  3368 | D:6      | Slain by an ogre

Illustrated notes

Levels and vault maps discovered:
D:1:      shiori_arrival_oz, layout_loops_ring
D:2:      minmay_roachtagon, layout_loops_ring, serial_shops, shop,
          basic_ecumenical_altar
D:3:      layout_rooms
D:4:      layout_cave_pools, grunt_decor_cap, palyth_stone_intersect
D:5:      layout_basic, nicolae_elyvilon_peaceful_grove
D:6:      layout_loops_ring, gammafunk_ghost_arena

Skill      XL: |  1  2  3  4  5  6  7  8 |
---------------+-------------------------+-----
Fighting       | 3 4 5 |  5.1
Axes           | 3 4 5 6 |  6.6
Armour         | 4 6 7 |  7.2
Shields        | 4 5 |  5.2
Dodging        | 1 2 |  2.0

Action                   |  1- 3 |  4- 6 |  7- 9 || total
-------------------------+-------+-------+-------++-------
Melee: War axe           |    98 |   151 |   149 ||   398
 Abil: Heal Wounds       |     3 |     3 |     7 ||    13
  Use: Potion            |     1 |       |       ||     1
       Scroll            |       |     3 |       ||     3
Armor: Scale mail        |    37 |    76 |       ||   113
       Chain mail        |       |       |    88 ||    88
Dodge: Dodged            |    24 |    60 |    54 ||   138
Block: Kite shield       |    58 |   118 |    69 ||   245

Table legend: (Time is in decaauts)
 A = Elapsed time spent in this place.
 B = Non-inter-level travel time spent in this place.
 C = Inter-level travel time spent in this place.
 D = Time resting spent in this place.
 E = Time spent auto-exploring this place.
 F = Levels seen in this place.
 G = Mean time per level.
                   A        B        C        D        E       F      G
               +--------+--------+--------+--------+--------+-----+--------+
         Total |   3566 |   3434 |    132 |      0 |   2443 |   6 |  594.3 |
       Dungeon |   3566 |   3434 |    132 |      0 |   2443 |   6 |  594.3 |
               +--------+--------+--------+--------+--------+-----+--------+

Top non-repeatable levels by time:
     D:1: 861 daAuts
     D:2: 792 daAuts
     D:5: 597 daAuts
     D:4: 563 daAuts
     D:3: 381 daAuts
     D:6: 369 daAuts
